Connexion

Senators vs Reign

Created - 23 mars 2024 at 05:59

Goals
1 2 3 T
Senators 0 2 1 3
Reign 1 0 0 1
Shots
1 2 3 T
Senators 11 13 10 34
Reign 7 5 13 25

GoalsPenalties
1st period
1. Reign , Zack Macewen 28 (Ryan Reaves 43, Connor Mackey 42) at 11:28
Lawrence Pilut (ONT) for Slashing (Minor) at 4:14
Antoine Roussel (BEL) for Roughing (Minor) at 7:26
Patrik Nemeth (ONT) for High sticking (Minor) at 12:03
Patrik Nemeth (ONT) for Hooking (Minor) at 16:43
Patrik Nemeth (ONT) for Roughing (Minor) at 18:56
2nd period
2. Senators , Cole Schwindt 21 (Akil Thomas 34) at 5:58
3. Senators , Aliaksei Protas 30 (Antoine Roussel 10, Ryan Merkley 24) at 11:40 (PP)
Zack Kassian (ONT) for Cross-checking (Minor) at 7:32
Nicolas Deslauriers (ONT) for Delaying the game (Minor) at 10:58
Joey Keane (BEL) for Delaying the game (Minor) at 12:12
Zack Macewen (ONT) for Holding (Minor) at 15:39
3rd period
4. Senators , Wade Allison 22 (Antoine Roussel 11) at 16:47
Joey Keane (BEL) for Delaying the game (Minor) at 13:31
Aliaksei Protas (BEL) for High sticking (Minor) at 19:13
Goalie Stats
Leevi Merilainen (BEL), 24 saves from 25 shots - (0,960), W, 37-25-4, 60:00 minutes
Pheonix Copley (ONT), 31 saves from 34 shots - (0,912), L, 32-25-2, 60:00 minutes
3 StarsOfficial
1 - Wade Allison (BEL)
2 - Cole Schwindt (BEL)
3 - Leevi Merilainen (BEL)
Referees : Kerry Fraser and Francois StLaurent
Linesman : Tony Sericolo and Brad Kovachik
Game Note
No Game Note
Finance
Level 1 -- Attendance: 1946 (97,30%) -- Ticket Income $58,380
Level 2 -- Attendance: 992 (99,20%) -- Ticket Income $19,840
Total Attendance: 2938 (97,93%)
Total Ticket Income: $78,220
Other Income: $15,644
Total Income: $93,864



Team Name Goals Shots Shots Attemp Shots Blocked PIM HIT PP PK FO%
Senators 33463128211 / 7 (14%)051%
Reign 125591014230 / 4 (0%)149%

Senators
Player Name POS G A P +/- PIM HIT SHT SB MP PP MP PP SHT PK MP PK SHT FO% FOT
Adam BeckmanC/LW0001030119:315:5700:0000% 0
Akil ThomasC/RW0111012021:145:5711:43044% 18
Alex BeaucageLW/RW000-1020014:180:4501:1600% 0
Aliaksei ProtasC1011236023:505:5423:25053% 32
Antoine RousselLW/RW0221234119:235:5423:13033% 3
Ben JonesC000-1013012:220:4500:00056% 18
Cole SchwindtC/RW1011013019:315:5700:0000% 0
Ian MitchellD0000001313:300:4500:0000% 0
Jack RathboneD0000012124:306:3523:0600% 0
Jamieson ReesC000001007:040:0001:51057% 7
Joey KeaneD0001402219:505:1621:2900% 0
Layton AhacD0000010114:140:4501:4200% 0
Linus WeissbachLW000-1004111:370:0000:0000% 0
Rory KerinsC/LW000000005:280:0000:1500% 0
Ryan MerkleyD0110020024:566:3503:3200% 0
Tyler MaddenC000000002:010:4500:0000% 0
Wade AllisonRW1011024017:545:5401:4300% 1
Zac JonesD0001003222:005:1603:3700% 0
Reign
Player Name POS G A P +/- PIM HIT SHT SB MP PP MP PP SHT PK MP PK SHT FO% FOT
Andrew LaddLW/RW000001105:510:0000:5000% 0
Brogan RaffertyD000-2021425:193:1806:5600% 0
Chase PriskieD0000020015:550:0002:5600% 0
Connor MackeyD0111023121:413:2515:3900% 0
Danny DekeyserD0001010221:233:2505:2100% 0
Dominic ToninatoC000000005:010:0000:00043% 7
Jeff CarterC/RW0000001015:483:2500:00067% 21
Joël TeasdaleLW000-1003021:263:1814:22040% 5
John LeonardLW000000109:310:0000:0000% 0
Lawrence PilutD0000220013:260:0000:2800% 0
Mason AppletonC/RW000000005:010:0000:0000% 0
Nicolas DeslauriersLW/RW0000222111:480:0002:1800% 1
Patrick KhodorenkoC000000109:310:0000:00033% 9
Patrik NemethD000-2630122:123:1803:5200% 0
Ryan ReavesLW/RW0110031020:103:2504:2200% 0
Zachary Aston-ReeseC/LW/RW000-1023024:283:1817:24043% 21
Zack KassianRW000-1211122:593:1805:56053% 15
Zack MacewenC/RW1010227015:473:2520:0000% 0



Play-by-Play

1st period


0:01 of 1st period - Zachary Aston-Reese wins face-off versus Aliaksei Protas in neutral zone.
0:06 of 1st period - Shot by Joël Teasdale.
0:06 of 1st period - Stopped by Leevi Merilainen with a rebound.
0:08 of 1st period - Shot by Zachary Aston-Reese.
0:08 of 1st period - Stopped by Leevi Merilainen with a rebound.
0:10 of 1st period - Shot by Brogan Rafferty.
0:10 of 1st period - Shot Misses the Net.
0:12 of 1st period - Shot by Brogan Rafferty.
0:12 of 1st period - Shot Misses the Net.
0:19 of 1st period - Zack Kassian is hit by Ryan Merkley and loses puck.
1:04 of 1st period - Shot by Zack Macewen.
1:04 of 1st period - Stopped by Leevi Merilainen with a rebound.
1:06 of 1st period - Shot by Connor Mackey.
1:06 of 1st period - Deflect By Jeff Carter.
1:06 of 1st period - Stopped by Leevi Merilainen without a rebound.
1:07 of 1st period - Akil Thomas wins face-off versus Patrick Khodorenko in Senators zone.
1:33 of 1st period - Akil Thomas is hit by Lawrence Pilut and loses puck.
1:48 of 1st period - Shot by John Leonard.
1:48 of 1st period - Stopped by Leevi Merilainen without a rebound.
1:49 of 1st period - Jeff Carter wins face-off versus Ben Jones in Senators zone.
2:28 of 1st period - Shot by Ben Jones.
2:28 of 1st period - Stopped by Pheonix Copley with a rebound.
2:49 of 1st period - Icing by Ryan Merkley.
2:50 of 1st period - Jamieson Rees wins face-off versus Zachary Aston-Reese in Senators zone.
2:50 of 1st period - Aliaksei Protas is hit by Zack Kassian and loses puck.
3:37 of 1st period - Icing by Jamieson Rees.
3:38 of 1st period - Jamieson Rees wins face-off versus Dominic Toninato in Senators zone.
3:40 of 1st period - Icing by Ryan Merkley.
3:41 of 1st period - Dominic Toninato wins face-off versus Jamieson Rees in Senators zone.
4:14 of 1st period - Minor Penalty to Lawrence Pilut for Slashing.
4:15 of 1st period - Akil Thomas wins face-off versus Zack Kassian in Reign zone.
5:15 of 1st period - Danny Dekeyser is hit by Wade Allison.
5:52 of 1st period - Shot by Joey Keane.
5:52 of 1st period - Stopped by Pheonix Copley without a rebound.
5:53 of 1st period - Joël Teasdale wins face-off versus Akil Thomas in Reign zone.
6:20 of 1st period - Shot by Linus Weissbach.
6:20 of 1st period - Stopped by Pheonix Copley without a rebound.
6:21 of 1st period - Ben Jones wins face-off versus Patrick Khodorenko in Reign zone.
6:55 of 1st period - Shot by Linus Weissbach.
6:55 of 1st period - Stopped by Pheonix Copley with a rebound.
7:26 of 1st period - Minor Penalty to Antoine Roussel for Roughing.
7:27 of 1st period - Zachary Aston-Reese wins face-off versus Aliaksei Protas in Senators zone.
7:38 of 1st period - Shot by Zachary Aston-Reese.
7:38 of 1st period - Shot Misses the Net.
9:00 of 1st period - Shot by Jeff Carter.
9:00 of 1st period - Shot Blocked by Zac Jones.
9:25 of 1st period - Joël Teasdale is hit by Wade Allison and loses puck.
9:38 of 1st period - Shot by Cole Schwindt.
9:38 of 1st period - Stopped by Pheonix Copley without a rebound.
9:39 of 1st period - Patrick Khodorenko wins face-off versus Akil Thomas in Reign zone.
10:27 of 1st period - Off-side.
10:28 of 1st period - Jeff Carter wins face-off versus Aliaksei Protas in neutral zone.
10:30 of 1st period - Off-side.
10:31 of 1st period - Zachary Aston-Reese wins face-off versus Aliaksei Protas in neutral zone.
10:54 of 1st period - Shot by Aliaksei Protas.
10:54 of 1st period - Stopped by Pheonix Copley without a rebound.
10:55 of 1st period - Ben Jones wins face-off versus Jeff Carter in Reign zone.
11:26 of 1st period - Shot by Ryan Reaves.
11:26 of 1st period - Shot Misses the Net.
11:28 of 1st period - Shot by Zack Macewen.
11:28 of 1st period - Goal by Zack Macewen - Senators : 0 - Reign : 1.
11:29 of 1st period - Zachary Aston-Reese wins face-off versus Wade Allison in neutral zone.
11:31 of 1st period - Off-side.
11:32 of 1st period - Aliaksei Protas wins face-off versus Zachary Aston-Reese in neutral zone.
11:46 of 1st period - Zachary Aston-Reese is hit by Aliaksei Protas.
11:50 of 1st period - Shot by Zachary Aston-Reese.
11:50 of 1st period - Shot Blocked by Antoine Roussel.
12:00 of 1st period - Shot by Wade Allison.
12:00 of 1st period - Shot Misses the Net.
12:02 of 1st period - Shot by Aliaksei Protas.
12:02 of 1st period - Shot Misses the Net.
12:03 of 1st period - Minor Penalty to Patrik Nemeth for High sticking.
12:04 of 1st period - Akil Thomas wins face-off versus Zack Kassian in Reign zone.
12:31 of 1st period - Shot by Adam Beckman.
12:31 of 1st period - Shot Misses the Net.
13:27 of 1st period - Danny Dekeyser is hit by Antoine Roussel.
14:18 of 1st period - Ben Jones is hit by Lawrence Pilut and loses puck.
15:33 of 1st period - Icing by Patrik Nemeth.
15:34 of 1st period - Dominic Toninato wins face-off versus Akil Thomas in Reign zone.
15:34 of 1st period - Dominic Toninato is hit by Adam Beckman.
16:04 of 1st period - Shot by Mason Appleton.
16:04 of 1st period - Shot Misses the Net.
16:06 of 1st period - Shot by Mason Appleton.
16:06 of 1st period - Deflect By Andrew Ladd.
16:06 of 1st period - Stopped by Leevi Merilainen without a rebound.
16:07 of 1st period - Zachary Aston-Reese wins face-off versus Ben Jones in Senators zone.
16:13 of 1st period - Joël Teasdale is hit by Layton Ahac and loses puck.
16:36 of 1st period - Shot by Alex Beaucage.
16:36 of 1st period - Deflect By Linus Weissbach.
16:36 of 1st period - Stopped by Pheonix Copley without a rebound.
16:37 of 1st period - Aliaksei Protas wins face-off versus Patrick Khodorenko in Reign zone.
16:43 of 1st period - Minor Penalty to Patrik Nemeth for Hooking.
16:44 of 1st period - Zack Kassian wins face-off versus Aliaksei Protas in Reign zone.
16:57 of 1st period - Shot by Aliaksei Protas.
16:57 of 1st period - Shot Misses the Net.
16:59 of 1st period - Shot by Aliaksei Protas.
16:59 of 1st period - Shot Blocked by Brogan Rafferty.
17:01 of 1st period - Shot by Jack Rathbone.
17:01 of 1st period - Shot Blocked by Brogan Rafferty.
17:03 of 1st period - Shot by Wade Allison.
17:03 of 1st period - Shot Misses the Net.
17:05 of 1st period - Shot by Antoine Roussel.
17:05 of 1st period - Stopped by Pheonix Copley with a rebound.
18:55 of 1st period - Ben Jones is hit by Patrik Nemeth and loses puck.
18:56 of 1st period - Minor Penalty to Patrik Nemeth for Roughing.
18:57 of 1st period - Zack Kassian wins face-off versus Akil Thomas in Reign zone.
18:57 of 1st period - Zack Kassian is hit by Akil Thomas.
19:08 of 1st period - Ryan Merkley is hit by Connor Mackey and loses puck.
19:19 of 1st period - Shot by Akil Thomas.
19:19 of 1st period - Stopped by Pheonix Copley without a rebound.
19:20 of 1st period - Zack Kassian wins face-off versus Aliaksei Protas in Reign zone.
19:33 of 1st period - Shot by Antoine Roussel.
19:33 of 1st period - Stopped by Pheonix Copley without a rebound.
19:34 of 1st period - Aliaksei Protas wins face-off versus Joël Teasdale in Reign zone.
19:54 of 1st period - Shot by Zac Jones.
19:54 of 1st period - Shot Blocked by Brogan Rafferty.
19:56 of 1st period - Shot by Aliaksei Protas.
19:56 of 1st period - Stopped by Pheonix Copley without a rebound.
19:57 of 1st period - Zack Kassian wins face-off versus Akil Thomas in Reign zone.
Goals for this period are 0 for Senators vs 1 for Reign.
Shots for this period are 11 for Senators vs 7 for Reign.

2nd period


0:01 of 2nd period - Aliaksei Protas wins face-off versus Zack Kassian in neutral zone.
0:03 of 2nd period - Jack Rathbone is hit by Chase Priskie and loses puck.
0:10 of 2nd period - Shot by Jack Rathbone.
0:10 of 2nd period - Stopped by Pheonix Copley without a rebound.
0:11 of 2nd period - Akil Thomas wins face-off versus Zack Kassian in Reign zone.
0:48 of 2nd period - Shot by Ryan Merkley.
0:48 of 2nd period - Shot Blocked by Danny Dekeyser.
0:58 of 2nd period - John Leonard is hit by Aliaksei Protas and loses puck.
1:14 of 2nd period - Shot by Aliaksei Protas.
1:14 of 2nd period - Stopped by Pheonix Copley with a rebound.
1:16 of 2nd period - Shot by Zac Jones.
1:16 of 2nd period - Stopped by Pheonix Copley without a rebound.
1:17 of 2nd period - Jeff Carter wins face-off versus Ben Jones in Reign zone.
1:22 of 2nd period - Shot by Zack Macewen.
1:22 of 2nd period - Shot Misses the Net.
1:25 of 2nd period - Icing by Ian Mitchell.
1:26 of 2nd period - Ben Jones wins face-off versus Joël Teasdale in Senators zone.
1:26 of 2nd period - Ben Jones is hit by Zachary Aston-Reese.
1:38 of 2nd period - Shot by Ben Jones.
1:38 of 2nd period - Shot Misses the Net.
1:40 of 2nd period - Shot by Linus Weissbach.
1:40 of 2nd period - Deflect By Ben Jones.
1:40 of 2nd period - Shot Blocked by Zack Kassian.
1:42 of 2nd period - Shot by Ian Mitchell.
1:42 of 2nd period - Stopped by Pheonix Copley without a rebound.
1:43 of 2nd period - Jeff Carter wins face-off versus Aliaksei Protas in Reign zone.
1:54 of 2nd period - Shot by Zack Macewen.
1:54 of 2nd period - Shot Misses the Net.
2:10 of 2nd period - Antoine Roussel is hit by Brogan Rafferty and loses puck.
2:13 of 2nd period - Shot by Wade Allison.
2:13 of 2nd period - Stopped by Pheonix Copley with a rebound.
2:47 of 2nd period - Shot by Zac Jones.
2:47 of 2nd period - Shot Misses the Net.
3:01 of 2nd period - Shot by Zack Kassian.
3:01 of 2nd period - Shot Misses the Net.
3:03 of 2nd period - Shot by Danny Dekeyser.
3:03 of 2nd period - Shot Blocked by Zac Jones.
3:09 of 2nd period - Shot by Joël Teasdale.
3:09 of 2nd period - Shot Misses the Net.
3:11 of 2nd period - Shot by Joël Teasdale.
3:11 of 2nd period - Stopped by Leevi Merilainen with a rebound.
3:48 of 2nd period - Icing by Danny Dekeyser.
3:49 of 2nd period - Jamieson Rees wins face-off versus Zachary Aston-Reese in Reign zone.
4:02 of 2nd period - Shot by Jamieson Rees.
4:02 of 2nd period - Deflect By Aliaksei Protas.
4:02 of 2nd period - Shot Blocked by Connor Mackey.
4:53 of 2nd period - Shot by Nicolas Deslauriers.
4:53 of 2nd period - Shot Blocked by Ian Mitchell.
5:28 of 2nd period - Icing by Patrik Nemeth.
5:29 of 2nd period - Jeff Carter wins face-off versus Akil Thomas in Reign zone.
5:29 of 2nd period - Jeff Carter is hit by Cole Schwindt.
5:54 of 2nd period - Shot by Cole Schwindt.
5:54 of 2nd period - Shot Misses the Net.
5:56 of 2nd period - Shot by Cole Schwindt.
5:56 of 2nd period - Shot Blocked by Brogan Rafferty.
5:58 of 2nd period - Shot by Cole Schwindt.
5:58 of 2nd period - Goal by Cole Schwindt - Senators : 1 - Reign : 1.
5:59 of 2nd period - Dominic Toninato wins face-off versus Aliaksei Protas in neutral zone.
6:04 of 2nd period - Shot by Andrew Ladd.
6:04 of 2nd period - Shot Misses the Net.
7:13 of 2nd period - Shot by Cole Schwindt.
7:13 of 2nd period - Shot Misses the Net.
7:15 of 2nd period - Shot by Zac Jones.
7:15 of 2nd period - Stopped by Pheonix Copley with a rebound.
7:32 of 2nd period - Minor Penalty to Zack Kassian for Cross-checking.
7:33 of 2nd period - Aliaksei Protas wins face-off versus Nicolas Deslauriers in Reign zone.
7:33 of 2nd period - Jack Rathbone is hit by Patrik Nemeth and loses puck.
8:02 of 2nd period - Shot by Jack Rathbone.
8:02 of 2nd period - Shot Misses the Net.
8:14 of 2nd period - Shot by Akil Thomas.
8:14 of 2nd period - Shot Misses the Net.
8:19 of 2nd period - Shot by Cole Schwindt.
8:19 of 2nd period - Shot Misses the Net.
8:21 of 2nd period - Shot by Joey Keane.
8:21 of 2nd period - Stopped by Pheonix Copley with a rebound.
8:23 of 2nd period - Shot by Joey Keane.
8:23 of 2nd period - Shot Misses the Net.
9:04 of 2nd period - Tyler Madden is hit by Danny Dekeyser and loses puck.
9:42 of 2nd period - Shot by Zac Jones.
9:42 of 2nd period - Stopped by Pheonix Copley without a rebound.
9:43 of 2nd period - Jamieson Rees wins face-off versus Dominic Toninato in Reign zone.
9:53 of 2nd period - Off-side.
9:54 of 2nd period - Akil Thomas wins face-off versus Dominic Toninato in neutral zone.
9:56 of 2nd period - Zac Jones is hit by Chase Priskie and loses puck.
10:51 of 2nd period - Shot by Brogan Rafferty.
10:51 of 2nd period - Shot Blocked by Linus Weissbach.
10:54 of 2nd period - Icing by Ryan Merkley.
10:55 of 2nd period - Ben Jones wins face-off versus Patrick Khodorenko in Senators zone.
10:55 of 2nd period - Ben Jones is hit by Nicolas Deslauriers.
10:58 of 2nd period - Minor Penalty to Nicolas Deslauriers for Delaying the game.
10:59 of 2nd period - Zack Kassian wins face-off versus Aliaksei Protas in Reign zone.
10:59 of 2nd period - Zack Kassian is hit by Antoine Roussel.
11:06 of 2nd period - Icing by Antoine Roussel.
11:07 of 2nd period - Aliaksei Protas wins face-off versus Zack Kassian in Senators zone.
11:09 of 2nd period - Icing by Wade Allison.
11:10 of 2nd period - Zack Kassian wins face-off versus Aliaksei Protas in Senators zone.
11:10 of 2nd period - Zack Kassian is hit by Jack Rathbone.
11:40 of 2nd period - Shot by Aliaksei Protas.
11:40 of 2nd period - Goal by Aliaksei Protas - Senators : 2 - Reign : 1.
11:41 of 2nd period - Jeff Carter wins face-off versus Akil Thomas in neutral zone.
11:46 of 2nd period - Shot by Connor Mackey.
11:46 of 2nd period - Stopped by Leevi Merilainen without a rebound.
11:47 of 2nd period - Akil Thomas wins face-off versus Jeff Carter in Senators zone.
11:47 of 2nd period - Akil Thomas is hit by Ryan Reaves.
12:07 of 2nd period - Shot by Zack Macewen.
12:07 of 2nd period - Deflect By Jeff Carter.
12:07 of 2nd period - Shot Misses the Net.
12:12 of 2nd period - Minor Penalty to Joey Keane for Delaying the game.
12:13 of 2nd period - Zack Kassian wins face-off versus Aliaksei Protas in Senators zone.
12:16 of 2nd period - Shot by Joël Teasdale.
12:16 of 2nd period - Stopped by Leevi Merilainen without a rebound.
12:17 of 2nd period - Aliaksei Protas wins face-off versus Zachary Aston-Reese in Senators zone.
13:58 of 2nd period - Shot by Zack Macewen.
13:58 of 2nd period - Stopped by Leevi Merilainen without a rebound.
13:59 of 2nd period - Aliaksei Protas wins face-off versus Jeff Carter in Senators zone.
14:41 of 2nd period - Shot by Akil Thomas.
14:41 of 2nd period - Shot Misses the Net.
14:52 of 2nd period - Shot by John Leonard.
14:52 of 2nd period - Shot Misses the Net.
15:11 of 2nd period - Icing by Patrik Nemeth.
15:12 of 2nd period - Aliaksei Protas wins face-off versus Dominic Toninato in Reign zone.
15:21 of 2nd period - Shot by Aliaksei Protas.
15:21 of 2nd period - Deflect By Antoine Roussel.
15:21 of 2nd period - Stopped by Pheonix Copley without a rebound.
15:22 of 2nd period - Aliaksei Protas wins face-off versus Zachary Aston-Reese in Reign zone.
15:31 of 2nd period - Shot by Zack Kassian.
15:31 of 2nd period - Deflect By Zachary Aston-Reese.
15:31 of 2nd period - Shot Misses the Net.
15:33 of 2nd period - Shot by Zack Kassian.
15:33 of 2nd period - Stopped by Leevi Merilainen without a rebound.
15:34 of 2nd period - Ben Jones wins face-off versus Jeff Carter in Senators zone.
15:34 of 2nd period - Ben Jones is hit by Ryan Reaves.
15:39 of 2nd period - Minor Penalty to Zack Macewen for Holding.
15:40 of 2nd period - Aliaksei Protas wins face-off versus Zack Kassian in Reign zone.
15:47 of 2nd period - Shot by Ryan Merkley.
15:47 of 2nd period - Shot Blocked by Patrik Nemeth.
15:54 of 2nd period - Icing by Wade Allison.
15:55 of 2nd period - Zack Kassian wins face-off versus Antoine Roussel in Senators zone.
16:15 of 2nd period - Aliaksei Protas is hit by Brogan Rafferty and loses puck.
16:46 of 2nd period - Patrik Nemeth is hit by Adam Beckman and loses puck.
17:36 of 2nd period - Shot by Jack Rathbone.
17:36 of 2nd period - Stopped by Pheonix Copley without a rebound.
17:37 of 2nd period - Aliaksei Protas wins face-off versus Joël Teasdale in Reign zone.
17:58 of 2nd period - Shot by Ben Jones.
17:58 of 2nd period - Stopped by Pheonix Copley without a rebound.
17:59 of 2nd period - Jeff Carter wins face-off versus Jamieson Rees in Reign zone.
17:59 of 2nd period - Jeff Carter is hit by Jamieson Rees.
18:27 of 2nd period - Shot by Ryan Reaves.
18:27 of 2nd period - Shot Misses the Net.
18:37 of 2nd period - Jamieson Rees is hit by Ryan Reaves and loses puck.
18:50 of 2nd period - Jamieson Rees is hit by Zack Macewen and loses puck.
18:54 of 2nd period - Off-side.
18:55 of 2nd period - Zachary Aston-Reese wins face-off versus Akil Thomas in neutral zone.
19:14 of 2nd period - Shot by Joey Keane.
19:14 of 2nd period - Shot Blocked by Danny Dekeyser.
19:47 of 2nd period - Zachary Aston-Reese is hit by Ben Jones and loses puck.
19:55 of 2nd period - Icing by Danny Dekeyser.
19:56 of 2nd period - Ben Jones wins face-off versus Zachary Aston-Reese in Reign zone.
Goals for this period are 2 for Senators vs 0 for Reign.
Shots for this period are 13 for Senators vs 5 for Reign.

3rd period


0:01 of 3rd period - Aliaksei Protas wins face-off versus Zachary Aston-Reese in neutral zone.
0:48 of 3rd period - Jack Rathbone is hit by Patrik Nemeth and loses puck.
1:33 of 3rd period - Off-side.
1:34 of 3rd period - Jeff Carter wins face-off versus Ben Jones in neutral zone.
1:34 of 3rd period - Connor Mackey is hit by Alex Beaucage and loses puck.
1:50 of 3rd period - Shot by Ryan Reaves.
1:50 of 3rd period - Shot Misses the Net.
1:52 of 3rd period - Shot by Jeff Carter.
1:52 of 3rd period - Deflect By Zack Macewen.
1:52 of 3rd period - Stopped by Leevi Merilainen with a rebound.
2:59 of 3rd period - Joey Keane is hit by Nicolas Deslauriers and loses puck.
3:24 of 3rd period - Joey Keane is hit by Andrew Ladd and loses puck.
3:29 of 3rd period - Shot by Andrew Ladd.
3:29 of 3rd period - Shot Blocked by Joey Keane.
4:37 of 3rd period - Shot by Aliaksei Protas.
4:37 of 3rd period - Shot Hit the Post.
4:39 of 3rd period - Shot by Antoine Roussel.
4:39 of 3rd period - Shot Misses the Net.
4:45 of 3rd period - Shot by Wade Allison.
4:45 of 3rd period - Stopped by Pheonix Copley with a rebound.
4:47 of 3rd period - Shot by Aliaksei Protas.
4:47 of 3rd period - Stopped by Pheonix Copley without a rebound.
4:48 of 3rd period - Patrick Khodorenko wins face-off versus Ben Jones in Reign zone.
5:30 of 3rd period - Shot by Ryan Reaves.
5:30 of 3rd period - Deflect By Zack Macewen.
5:30 of 3rd period - Shot Blocked by Ian Mitchell.
5:50 of 3rd period - Shot by Brogan Rafferty.
5:50 of 3rd period - Stopped by Leevi Merilainen without a rebound.
5:51 of 3rd period - Antoine Roussel wins face-off versus Zack Kassian in Senators zone.
5:51 of 3rd period - Antoine Roussel is hit by Zachary Aston-Reese.
6:07 of 3rd period - Danny Dekeyser is hit by Aliaksei Protas and loses puck.
7:20 of 3rd period - Shot by Zack Macewen.
7:20 of 3rd period - Shot Misses the Net.
8:36 of 3rd period - Icing by Joey Keane.
8:37 of 3rd period - Zachary Aston-Reese wins face-off versus Aliaksei Protas in Senators zone.
8:40 of 3rd period - Shot by Zachary Aston-Reese.
8:40 of 3rd period - Shot Misses the Net.
8:48 of 3rd period - Danny Dekeyser is hit by Antoine Roussel and loses puck.
9:18 of 3rd period - Icing by Jack Rathbone.
9:19 of 3rd period - Jeff Carter wins face-off versus Ben Jones in Senators zone.
9:24 of 3rd period - Shot by Zack Macewen.
9:24 of 3rd period - Stopped by Leevi Merilainen without a rebound.
9:25 of 3rd period - Akil Thomas wins face-off versus Jeff Carter in Senators zone.
9:25 of 3rd period - Akil Thomas is hit by Zack Macewen.
9:50 of 3rd period - Shot by Zack Macewen.
9:50 of 3rd period - Shot Blocked by Adam Beckman.
9:52 of 3rd period - Shot by Patrik Nemeth.
9:52 of 3rd period - Deflect By Jeff Carter.
9:52 of 3rd period - Shot Blocked by Ian Mitchell.
9:56 of 3rd period - Shot by Ryan Reaves.
9:56 of 3rd period - Stopped by Leevi Merilainen without a rebound.
9:57 of 3rd period - Ben Jones wins face-off versus Zachary Aston-Reese in Senators zone.
10:09 of 3rd period - Icing by Jack Rathbone.
10:10 of 3rd period - Ben Jones wins face-off versus Patrick Khodorenko in Senators zone.
10:35 of 3rd period - Shot by Alex Beaucage.
10:35 of 3rd period - Shot Blocked by Nicolas Deslauriers.
10:47 of 3rd period - Shot by Nicolas Deslauriers.
10:47 of 3rd period - Shot Blocked by Jack Rathbone.
10:49 of 3rd period - Shot by Connor Mackey.
10:49 of 3rd period - Stopped by Leevi Merilainen without a rebound.
10:50 of 3rd period - Zachary Aston-Reese wins face-off versus Aliaksei Protas in Senators zone.
10:55 of 3rd period - Shot by Zack Kassian.
10:55 of 3rd period - Shot Blocked by Joey Keane.
10:57 of 3rd period - Shot by Zachary Aston-Reese.
10:57 of 3rd period - Stopped by Leevi Merilainen without a rebound.
10:58 of 3rd period - Joël Teasdale wins face-off versus Aliaksei Protas in Senators zone.
11:01 of 3rd period - Shot by Zachary Aston-Reese.
11:01 of 3rd period - Shot Misses the Net.
11:34 of 3rd period - Shot by Aliaksei Protas.
11:34 of 3rd period - Shot Misses the Net.
11:36 of 3rd period - Shot by Wade Allison.
11:36 of 3rd period - Shot Misses the Net.
11:38 of 3rd period - Shot by Wade Allison.
11:38 of 3rd period - Stopped by Pheonix Copley without a rebound.
11:39 of 3rd period - Jeff Carter wins face-off versus Akil Thomas in Reign zone.
11:39 of 3rd period - Zack Macewen is hit by Adam Beckman and loses puck.
11:57 of 3rd period - Akil Thomas is hit by Connor Mackey and loses puck.
12:05 of 3rd period - Icing by Ryan Reaves.
12:06 of 3rd period - Jeff Carter wins face-off versus Ben Jones in Reign zone.
13:05 of 3rd period - Icing by Patrik Nemeth.
13:06 of 3rd period - Akil Thomas wins face-off versus Zachary Aston-Reese in Reign zone.
13:15 of 3rd period - Shot by Akil Thomas.
13:15 of 3rd period - Stopped by Pheonix Copley with a rebound.
13:31 of 3rd period - Minor Penalty to Joey Keane for Delaying the game.
13:32 of 3rd period - Jeff Carter wins face-off versus Aliaksei Protas in Senators zone.
14:06 of 3rd period - Shot by Connor Mackey.
14:06 of 3rd period - Stopped by Leevi Merilainen without a rebound.
14:07 of 3rd period - Aliaksei Protas wins face-off versus Zachary Aston-Reese in Senators zone.
14:20 of 3rd period - Shot by Joël Teasdale.
14:20 of 3rd period - Deflect By Zachary Aston-Reese.
14:20 of 3rd period - Stopped by Leevi Merilainen without a rebound.
14:21 of 3rd period - Aliaksei Protas wins face-off versus Zachary Aston-Reese in Senators zone.
15:27 of 3rd period - Icing by Danny Dekeyser.
15:28 of 3rd period - Aliaksei Protas wins face-off versus Jeff Carter in Reign zone.
15:35 of 3rd period - Shot by Linus Weissbach.
15:35 of 3rd period - Shot Hit the Post.
15:37 of 3rd period - Shot by Linus Weissbach.
15:37 of 3rd period - Stopped by Pheonix Copley without a rebound.
15:38 of 3rd period - Patrick Khodorenko wins face-off versus Akil Thomas in Reign zone.
16:01 of 3rd period - Shot by Cole Schwindt.
16:01 of 3rd period - Stopped by Pheonix Copley with a rebound.
16:47 of 3rd period - Shot by Wade Allison.
16:47 of 3rd period - Goal by Wade Allison - Senators : 3 - Reign : 1.
16:48 of 3rd period - Ben Jones wins face-off versus Jeff Carter in neutral zone.
16:55 of 3rd period - Shot by Ben Jones.
16:55 of 3rd period - Stopped by Pheonix Copley without a rebound.
16:56 of 3rd period - Aliaksei Protas wins face-off versus Zachary Aston-Reese in Reign zone.
17:15 of 3rd period - Shot by Joël Teasdale.
17:15 of 3rd period - Shot Misses the Net.
17:29 of 3rd period - Shot by Aliaksei Protas.
17:29 of 3rd period - Stopped by Pheonix Copley with a rebound.
17:31 of 3rd period - Shot by Antoine Roussel.
17:31 of 3rd period - Stopped by Pheonix Copley without a rebound.
17:32 of 3rd period - Jeff Carter wins face-off versus Ben Jones in Reign zone.
17:32 of 3rd period - Jeff Carter is hit by Alex Beaucage.
17:52 of 3rd period - Shot by Zack Macewen.
17:52 of 3rd period - Stopped by Leevi Merilainen with a rebound.
17:57 of 3rd period - Icing by Ian Mitchell.
17:58 of 3rd period - Ben Jones wins face-off versus Patrick Khodorenko in Senators zone.
18:07 of 3rd period - Shot by John Leonard.
18:07 of 3rd period - Deflect By Nicolas Deslauriers.
18:07 of 3rd period - Stopped by Leevi Merilainen with a rebound.
18:23 of 3rd period - Shot by Patrick Khodorenko.
18:23 of 3rd period - Shot Blocked by Layton Ahac.
18:31 of 3rd period - Shot by Patrick Khodorenko.
18:31 of 3rd period - Shot Misses the Net.
18:33 of 3rd period - Shot by Nicolas Deslauriers.
18:33 of 3rd period - Shot Misses the Net.
18:35 of 3rd period - Shot by John Leonard.
18:35 of 3rd period - Deflect By Patrick Khodorenko.
18:35 of 3rd period - Stopped by Leevi Merilainen with a rebound.
18:37 of 3rd period - Shot by Lawrence Pilut.
18:37 of 3rd period - Shot Misses the Net.
18:39 of 3rd period - Shot by Nicolas Deslauriers.
18:39 of 3rd period - Stopped by Leevi Merilainen with a rebound.
19:13 of 3rd period - Minor Penalty to Aliaksei Protas for High sticking.
19:14 of 3rd period - Jeff Carter wins face-off versus Antoine Roussel in Senators zone.
19:48 of 3rd period - Shot by Zack Macewen.
19:48 of 3rd period - Stopped by Leevi Merilainen without a rebound.
19:49 of 3rd period - Zachary Aston-Reese wins face-off versus Jamieson Rees in Senators zone.
19:51 of 3rd period - Joël Teasdale is hit by Ryan Merkley and loses puck.
Goals for this period are 1 for Senators vs 0 for Reign.
Shots for this period are 10 for Senators vs 13 for Reign.